 Dungeon Crawl Stone Soup version 0.32-a0-913-g739538a (webtiles) character file.

Game seed: 7619294571465398844

50 Dorkslayer the Covered (level 3, -5/31 HPs)
             Began as a Mountain Dwarf Fighter on Apr 9, 2024.
             Slain by Terence
             ... wielding a +0 falchion
              (6 damage)
             ... on level 2 of the Dungeon.
             The game lasted 00:03:00 (1046 turns).

Dorkslayer the Covered (Mountain Dwarf Fighter)     Turns: 1046, Time: 00:03:01

Health: -5/31      AC: 12    Str: 20    XL:     3   Next: 55%
Magic:  0/3        EV:  7    Int:  8    God:
Gold:   90         SH:  4    Dex:  9    Spells: 2/2 levels left

rFire   . . .        a - +0 war axe
rCold   . . .        c - +0 buckler
rNeg    . . .        n - +3 chain mail
rPois   .            (no helmet)
rElec   .            (no cloak)
rCorr   .            (no gloves)
SInv    .            (no boots)
Will    .....        i - amulet of guardian spirit Stlth
                     (no ring)
HPRegen 0.25/turn    (no ring)
MPRegen 0.08/turn

%: guardian spirit
@: mighty
A: runic magic, artefact enchanting, passive freeze, MP-powered wands
a: no special abilities


You were on level 2 of the Dungeon.
You visited 1 branch of the dungeon, and saw 2 of its levels.

You collected 90 gold pieces.

Inventory:

Hand Weapons
 a - a +0 war axe (weapon)
Armour
 c - a +0 buckler (worn)
 n - a +3 chain mail (worn)
Jewellery
 i - an amulet of guardian spirit (around neck)
Scrolls
 f - a scroll of teleportation
Potions
 g - a potion of ambrosia {unknown}
 h - a potion of curing {unknown}
 j - a potion of enlightenment {unknown}
 k - a potion of resistance {unknown}
 l - a potion of degeneration {unknown}


   Skills:
 + Level 3.6 Fighting
 + Level 3.0 Axes
 + Level 3.7 Armour
 * Level 1.2 Dodging
 + Level 3.5 Shields


You had 2 spell levels left.
You didn't know any spells.
Your spell library contained the following spells:

 Spells                   Type           Power      Damage    Failure   Level
 Kiss of Death            Conj/Necr      0%         2d5       65%         1
 Confusing Touch          Hex            0%         N/A       95%         3
 Inner Flame              Hex/Fire       0%         N/A       95%         3
 Dispel Undead            Necr           0%         3d6       100%        4
 Irradiate                Conj/Alch      0%         3d11      100%        5
 Ignition                 Fire           0%         3d3       100%        8


Dungeon Overview and Level Annotations

Branches:
Dungeon (2/15)

Altars:

Annotations:
D:2 Sigmund, Terence


Innate Abilities, Weirdness & Mutations

Your spellcasting is much less encumbered by armour.
You can use scrolls of enchantment on lesser artefacts.
A frigid envelope surrounds you and freezes all who hurt you.
You expend magic power (3 MP) to strengthen your wands.


Message History

Terence hits you with a +0 falchion!
You barely miss Terence. You barely miss the jackal. You miss something.
The jackal closely misses you. Terence barely misses you.
You hear some strange, mumbled words.
Something tries to affect you, but you resist.
The jackal bites you but does no damage.
Unknown command.
The jackal attacks as it pursues you! The jackal closely misses you.
The ribbon worm bites you but does no damage.
Terence attacks as he pursues you! Terence hits you but does no damage.
Something hits you but does no damage.
You see here a jackal corpse.
Unknown command.
Okay, then.
You bump into the rock wall.
The jackal bites you but does no damage.
The ribbon worm bites you but does no damage.
Terence barely misses you.
You closely miss the jackal.
The jackal is heavily wounded.
You slash the ribbon worm! You completely miss Terence. The jackal bites you.
Something hits you but does no damage. The jackal barely misses you.
Terence completely misses you. The ribbon worm bites you.
* * * LOW HITPOINT WARNING * * *
Unknown command.
You bump into the rock wall.
You feel less confused. You block the jackal's attack. Something hits you.
* * * LOW HITPOINT WARNING * * *
Terence screams, "I'm going to kill you!"
Terence hits you with a +0 falchion!
* * * LOW HITPOINT WARNING * * *
You block the ribbon worm's attack.
The jackal bites you but does no damage.
It was a potion of mutation.
You feel extremely strange.
Your skin feels very cold.
You feel your magical essence link to the dungeon's wands.
Terence hits you with a +0 falchion.
You die...
Terence says, "That felt goooood."

.#####. .#
...# . ..#
.....##. .
......
....... ..
.#####
...#?####
.# ##
#......#.##
..h.......
##w@..#.#
#$@h{...#
#.##w......
#.....#
#......
#.#####
.#.... .
... .. ..
## .


You could see Terence, 2 ribbon worms and 2 jackals.

Vanquished Creatures
  An adder (D:2)
  2 dart slugs
  7 ball pythons
  A bat (D:1)
  An endoplasm (D:1)
  3 giant cockroaches
  4 goblins
  2 hobgoblins (D:1)
  3 jackals
  3 quokkas (D:1)
  3 kobolds (D:1)
  3 rats
33 creatures vanquished.

Notes
Turn   | Place    | Note
-------+----------+-------------------------------------------
     0 | D:1      | Dorkslayer the Mountain Dwarf Fighter began the quest for
                  | the Orb.
     0 | D:1      | Reached XP level 1. HP: 19/19 MP: 1/1
   189 | D:1      | Reached XP level 2. HP: 24/26 MP: 2/2
   926 | D:2      | Reached XP level 3. HP: 18/31 MP: 3/3
   931 | D:2      | Reached skill level 1 in Dodging
  1030 | D:2      | Noticed Sigmund
  1032 | D:2      | Noticed Terence
  1045 | D:2      | HP: 1/31 [Terence/+0 falchion (6)]
  1046 | D:2      | Gained mutation: A frigid envelope surrounds you and
                  | freezes all who hurt you. [potion of mutation]
  1046 | D:2      | Gained mutation: You expend magic power (3 MP) to
                  | strengthen your wands. [potion of mutation]
  1046 | D:2      | Slain by Terence

Illustrated notes

Levels and vault maps discovered:
D:1:      heliophobic_arrival_ceremonial_halls, layout_basic,
          minmay_misc_feat_hallway, kennysheep_flooded_box, minmay_domino_4
D:2:      kennysheep_the_goblin_king, layout_rooms, uniq_sigmund, uniq_jessica,
          uniq_terence

Skill      XL: |  1  2  3 |
---------------+----------+-----
Dodging        | 1 |  1.2
Axes           | 3 |  3.0
Fighting       | |  3.6
Armour         | |  3.7
Shields        | |  3.5

Action                     || total
---------------------------++-------
  Melee: War axe           ||    75
    Use: Scroll            ||     3
         Potion            ||     2
 Armour: Chain mail        ||   130
         Scale mail        ||     9
  Dodge: Dodged            ||    52
  Block: Buckler           ||    28

Table legend: (Time is in decaauts)
 A = Elapsed time spent in this place.
 B = Non-inter-level travel time spent in this place.
 C = Inter-level travel time spent in this place.
 D = Time resting spent in this place.
 E = Time spent auto-exploring this place.
 F = Levels seen in this place.
 G = Mean time per level.
                   A        B        C        D        E       F      G
               +--------+--------+--------+--------+--------+-----+--------+
         Total |   1075 |   1075 |      0 |      0 |    502 |   2 |  537.5 |
       Dungeon |   1075 |   1075 |      0 |      0 |    502 |   2 |  537.5 |
               +--------+--------+--------+--------+--------+-----+--------+

Top non-repeatable levels by time:
     D:1: 936 daAuts
     D:2: 139 daAuts
